 Dungeon Crawl Stone Soup version 0.30-a0-948-g4fa250aae5 (webtiles) character file.

Game seed: 11303419128513305664

5523 DeathPants the Slicer (level 10, -22/56 HPs)
             Began as a Vine Stalker Gladiator on Mar 26, 2023.
             Was an Initiate of Gozag.
             Annihilated by a shadow (27 damage)
             ... on level 9 of the Dungeon.
             The game lasted 00:25:18 (9155 turns).

DeathPants the Slicer (Vine Stalker Gladiator)      Turns: 9155, Time: 00:25:18

Health: -22/56     AC: 11    Str: 17    XL:     10   Next: 70%
Magic:  0/18       EV: 17    Int: 15    God:    Gozag
Gold:   1127       SH:  6    Dex: 16    Spells: 19/19 levels left

rFire   . . .      SeeInvis .    b - +4 dagger (speed)
rCold   + + .      Faith    .    p - +0 buckler "Qeoluitiawn" {Rampage Int+3}
rNeg    . . .      Spirit   +    k - +2 ring mail {rC+}
rPois   .          Reflect  .    c - +1 helmet
rElec   .          Rampage  +    n - +1 cloak
rCorr   .                        (no gloves)
Will    +....                    (no boots)
Stlth   +                        (no amulet)
HPRegen 1.09/turn                h - +5 ring of evasion
MPRegen 0.16/turn                r - ring of protection from cold

@: no status effects
A: fangs 3, regeneration 1, magic shield, antimagic bite, no potion heal 2
a: Renounce Religion, Potion Petition, Call Merchant, Bribe Branch


You were on level 9 of the Dungeon.
You worshipped Gozag.
Gozag was most pleased with you.
You visited 2 branches of the dungeon, and saw 11 of its levels.

You collected 1422 gold pieces.
You spent 140 gold pieces at shops.
You paid 155 gold pieces to Gozag.

Inventory:

Hand Weapons
 a - a +2 scimitar of flaming
 b - a +4 dagger of speed (weapon)
Missiles
 e - a javelin
 i - 2 throwing nets
 u - 6 boomerangs
 v - 4 poisoned darts
 x - 2 silver boomerangs
 y - 6 curare-tipped darts (quivered)
 B - 5 silver javelins
Armour
 c - a +1 helmet (worn)
 k - a +2 ring mail of cold resistance (worn)
 n - a +1 cloak (worn)
 p - the +0 buckler "Qeoluitiawn" (worn) {Rampage Int+3}
   (You found it on level 6 of the Dungeon)

   Int:       It affects your intelligence (+3).
   Rampage:   It bestows one free step when moving towards enemies.
Jewellery
 h - a +5 ring of evasion (left hand)
 r - a ring of protection from cold (right hand)
 s - a ring of protection from fire
Wands
 l - a wand of flame (7)
 q - a wand of charming (7)
 z - a wand of roots (5)
 F - a wand of digging (6)
Scrolls
 d - a scroll of teleportation
 A - a scroll of fear
Potions
 f - a potion of brilliance
 g - 2 potions of attraction
 j - 3 potions of cancellation
 m - 3 potions of mutation
 o - 5 potions of curing
 t - a potion of haste
 C - a potion of might
 D - a potion of ambrosia {unknown}
 E - 2 potions of magic {unknown}


   Skills:
 + Level 8.0 Fighting
 + Level 8.2 Short Blades
 - Level 1.7 Throwing
 - Level 5.1 Dodging
 + Level 5.8 Shields
 - Level 5.1 Spellcasting


You had 19 spell levels left.
You didn't know any spells.
Your spell library contained the following spells:

 Spells                   Type           Power      Damage    Failure   Level
 Apportation              Tloc           6%         N/A       36%         1
 Ensorcelled Hibernation  Hex/Ice        6%         N/A       52%         2
 Passwall                 Tmut/Erth      2%         N/A       52%         2
 Scorch                   Fire           6%         2d5       52%         2
 Dazzling Flash           Conj/Hex       6%         N/A       75%         3
 Swiftness                Air            3%         N/A       75%         3
 Airstrike                Air            1%         2d(1-17)  98%         4
 Flame Wave               Conj/Fire      3%         2d5       98%         4
 Iskenderun's Mystic Bla  Conj/Tloc      3%         2d3       98%         4
 Summon Lightning Spire   Summ/Air       3%         N/A       98%         4
 Alistair's Intoxication  Tmut/Pois      2%         N/A       100%        5
 Plasma Beam              Fire/Air       1%         2x1d12    100%        5
 Starburst                Conj/Fire      1%         6d3       100%        6
 Summon Cactus Giant      Summ           1%         N/A       100%        6


Dungeon Overview and Level Annotations

Branches:
Dungeon (10/15)            Temple (1/1) D:6             Orc (0/2) D:9
   Lair: D:8-11

Altars:
Ashenzari
Cheibriados
Dithmenos
Elyvilon
Fedhas
Gozag
Hepliaklqana
Kikubaaqudgha
Nemelex Xobeh
Okawaru
Qazlal
Ru
Sif Muna
Trog
Uskayaw
Vehumet
Wu Jian
Xom
Yredelemnul
Zin
The Shining One

Shops:
D:5 !   D:9 (


Innate Abilities, Weirdness & Mutations

You have razor-sharp teeth.
Your natural rate of healing is unusually fast.
When hurt, damage is shared between your health and your magic reserves.
Your bite disrupts and absorbs the magic of your enemies.
Potions cannot restore your health.


Message History

You closely miss something. You hit something.
The shadow strikes at you from the darkness!
* * * LOW HITPOINT WARNING * * *
Reactivating autopickup.
You hit the shadow.
The shadow is heavily damaged.
You hit the shadow.
The shadow is severely damaged.
The shadow slips into darkness.
The shadow flickers and vanishes!
Deactivating autopickup; reactivate with Ctrl-A.
You closely miss something. Your bite misses something. You hit something.
Your bite misses something.
The shadow strikes at you from the darkness!
* * * LOW HITPOINT WARNING * * *
Reactivating autopickup.
You barely miss the shadow. Your bite misses the shadow.
The shadow is almost destroyed.
You closely miss the shadow. Your bite misses the shadow.
The shadow is almost destroyed.
The shadow hits you!
* * * LOW HITPOINT WARNING * * *
Okay, then.
You hit the shadow but do no damage. Your bite misses the shadow.
The shadow is almost destroyed.
You hit the shadow but do no damage. You bite the shadow. You drain its power.
You feel invigorated.
The shadow is almost destroyed.
You hit the shadow but do no damage. You bite the shadow, but do no damage.
The shadow is almost destroyed.
The shadow hits you.
* * * LOW HITPOINT WARNING * * *
The shadow attacks as you move away! The shadow closely misses you.
The shadow slips into darkness.
The shadow flickers and vanishes!
Deactivating autopickup; reactivate with Ctrl-A.
The shadow strikes at you from the darkness!
You die...
Your body crumbles into a pile of gold.

...
....................#
....................#
..#................#
#.................#
#...............#
#..............##
#...............####
#.@{...............
#.#................
###................
#....###..........
#.#./###..........
...####≈#........#.
~..# ###≈#.#......##
~.# #..~.#.......#
#?.~.#....####


There were no monsters in sight!

Vanquished Creatures
  Erica (D:9)
  A two-headed ogre (D:8)
  Psyche (D:8)
  A shadow (D:9)
  Eustachio (D:5)
  Menkaure (D:5)
  Edmund (D:5)
  3 water moccasins
  2 sky beasts
  2 orc warriors
  An ice beast (D:7)
  2 centaurs
  An ogre (D:7)
  3 kobold brigands
  Blork the orc (D:6)
  A bullfrog (D:7)
  A gnoll sergeant (D:8)
  A scorpion (D:6)
  2 wights
  8 killer bees
  2 howler monkeys (D:7)
  A centaur zombie (D:7)
  5 orc priests
  A gnoll bouda (D:5)
  2 hounds (D:5)
  A jelly (D:5)
  Crazy Yiuf (D:5)
  2 sleepcaps
  Ijyb (D:5)
  5 iguanas
  16 orc wizards
  A killer bee zombie (D:7)
  25 gnolls
  9 adders
  2 shadow imps (D:7)
  4 white imps
  2 ufetubi
  A worm (D:2)
  3 dart slugs
  48 orcs
  5 ball pythons
  10 endoplasms
  2 giant cockroaches (D:1)
  11 goblins
  5 hobgoblins
  7 jackals
  30 kobolds
  4 quokkas
  13 bats
  2 frilled lizards (D:1)
  6 rats
262 creatures vanquished.

Vanquished Creatures (others)
  An orc wizard (D:6)
  2 orcs
  4 withered plants (D:7)
7 creatures vanquished.

Grand Total: 269 creatures vanquished

Notes
Turn   | Place    | Note
-------+----------+-------------------------------------------
     0 | D:1      | DeathPants the Vine Stalker Gladiator began the quest for
                  | the Orb.
     0 | D:1      | Reached XP level 1. HP: 11/11 MP: 2/2
   183 | D:1      | Reached XP level 2. HP: 15/15 MP: 3/3
   383 | D:2      | Reached skill level 1 in Spellcasting
   383 | D:2      | Reached XP level 3. HP: 16/18 MP: 3/5
  1131 | D:2      | Gained mutation: Your natural rate of healing is unusually
                  | fast. [Vine Stalker growth]
  1131 | D:2      | Reached XP level 4. HP: 20/23 MP: 5/7
  2017 | D:3      | Reached XP level 5. HP: 25/27 MP: 6/9
  2920 | D:5      | Entered Level 5 of the Dungeon
  3196 | D:4      | Reached XP level 6. HP: 28/32 MP: 10/10
  3498 | D:5      | Noticed Ijyb
  3519 | D:5      | Killed Ijyb
  3978 | D:5      | Reached XP level 7. HP: 36/36 MP: 12/12
  3990 | D:5      | Noticed Edmund
  4018 | D:5      | Killed Edmund
  4201 | D:5      | Noticed Eustachio
  4285 | D:5      | Killed Eustachio
  4286 | D:5      | Gained mutation: You have razor-sharp teeth. [Vine Stalker
                  | growth]
  4286 | D:5      | Reached XP level 8. HP: 42/42 MP: 13/15
  4311 | D:5      | Found a runed translucent door.
  4312 | D:5      | Noticed Crazy Yiuf
  4337 | D:5      | Killed Crazy Yiuf
  4378 | D:5      | Noticed Menkaure
  4390 | D:5      | Killed Menkaure
  4391 | D:5      | Reached skill level 5 in Short Blades
  4503 | D:5      | Found a shadowy altar of Dithmenos.
  4510 | D:5      | Found a radiant altar of Vehumet.
  4511 | D:5      | Found a bloodstained altar of Trog.
  4514 | D:5      | Found a sacrificial altar of Ru.
  4817 | D:5      | Found Fulaar's Distillery.
  4820 | D:5      | Bought a potion of berserk rage for 50 gold pieces
  5476 | D:6      | Reached skill level 5 in Fighting
  5476 | D:6      | Reached skill level 5 in Dodging
  5476 | D:6      | Reached skill level 5 in Spellcasting
  5765 | D:6      | Identified the +0 buckler "Qeoluitiawn" {Rampage Int+3}
  5846 | D:6      | Found a staircase to the Ecumenical Temple.
  5853 | Temple   | Entered the Ecumenical Temple
  5872 | Temple   | Became a worshipper of Gozag Ym Sagoz the Greedy
  5936 | D:6      | Found a runed translucent door.
  5971 | D:6      | Noticed Blork the orc
  5979 | D:6      | Killed Blork the orc
  6166 | D:7      | Reached skill level 1 in Shields
  6166 | D:7      | Reached XP level 9. HP: 44/47 MP: 15/17
  6773 | D:7      | Found a white marble altar of Elyvilon.
  7071 | D:7      | Found an ancient bone altar of Kikubaaqudgha.
  7659 | D:8      | Noticed Psyche
  7673 | D:8      | Killed Psyche
  7674 | D:8      | Reached XP level 10. HP: 51/55 MP: 18/18
  7782 | D:8      | Noticed a two-headed ogre
  7789 | D:8      | Killed a two-headed ogre
  8018 | D:8      | Reached skill level 5 in Shields
  8609 | D:10     | Entered Level 10 of the Dungeon
  8834 | D:9      | Noticed Erica
  8919 | D:9      | Killed Erica
  8968 | D:9      | Found a staircase to the Orcish Mines.
  8968 | D:9      | Found Oroaxta's Weapon Shoppe.
  8987 | D:9      | Bought 5 curare-tipped darts for 90 gold pieces
  9148 | D:9      | HP: 1/56 [shadow (7)]
  9155 | D:9      | Annihilated by a shadow

Illustrated notes

Levels and vault maps discovered:
D:1:      evilmike_arrival_come_back, layout_loops_corners
D:2:      layout_basic
D:3:      layout_basic
D:4:      layout_basic, roderic_batcave
D:5:      layout_basic, minitemple, serial_shops, nicolae_shop_behind_doors,
          uniq_eustachio, uniq_edmund, uniq_menkaure, uniq_ijyb,
          uniq_crazy_yiuf_cottage
D:6:      layout_basic, minmay_temple_entry_nine_rooms,
          minmay_misc_feat_encased, lightli_church_of_beogh, uniq_blork_the_orc
D:7:      layout_basic, marbit_many_paths, kiku_gazebo_pond_becter,
          serial_undead, serial_undead_e, serial_undead_c, serial_undead_f,
          serial_undead_b
D:8:      layout_basic, minmay_misc_feat_x, uniq_psyche
D:9:      layout_big_octagon, orc_david_3, serial_rivers,
          chequers_serial_rivers_marsh, chequers_serial_rivers_micro_d,
          chequers_serial_rivers_micro_a, chequers_serial_rivers_large_a,
          chequers_serial_rivers_micro_b, chequers_serial_rivers_micro_a,
          nicolae_lava_and_water, kennysheep_generic_room_10, uniq_erica
D:10:     layout_irregular_city, overflow_temple_1_default, nicolae_benzene_ring
Temple:   hellmonk_temple_two_chambers

Skill      XL: |  1  2  3  4  5  6  7  8  9 10 |
---------------+-------------------------------+-----
Fighting       | 2 3 4 5 7 8 |  8.0
Short Blades   | 3 4 5 7 8 |  8.2
Spellcasting   | 1 2 3 4 5 |  5.1
Dodging        | 3 4 5 |  5.1
Shields        | 1 4 5 |  5.8
Throwing       | |  1.7

Action                     |  1- 3 |  4- 6 |  7- 9 | 10-12 || total
---------------------------+-------+-------+-------+-------++-------
  Melee: Rapier            |    26 |       |       |       ||    26
         Bite              |    19 |    80 |   215 |    80 ||   394
         Dagger            |    83 |   268 |   654 |   240 ||  1245
         Punch             |       |     1 |     9 |     1 ||    11
  Throw: Throwing net      |       |     3 |     2 |       ||     5
         Dart              |       |       |       |     1 ||     1
    Use: Scroll            |       |    12 |     8 |     6 ||    26
         Potion            |       |       |     1 |     1 ||     2
   Stab: Sleeping          |       |     2 |       |       ||     2
         Held in net/web   |       |     1 |     2 |       ||     3
         Invisible         |       |       |     5 |       ||     5
 Armour: Leather armour    |    26 |    14 |       |       ||    40
         Ring mail         |       |    43 |   119 |    31 ||   193
  Dodge: Dodged            |    59 |   190 |   348 |   144 ||   741
  Block: Buckler           |       |       |       |    36 ||    36

Table legend: (Time is in decaauts)
 A = Elapsed time spent in this place.
 B = Non-inter-level travel time spent in this place.
 C = Inter-level travel time spent in this place.
 D = Time resting spent in this place.
 E = Time spent auto-exploring this place.
 F = Levels seen in this place.
 G = Mean time per level.
                   A        B        C        D        E       F      G
               +--------+--------+--------+--------+--------+-----+--------+
         Total |   8551 |   8290 |    261 |    419 |   5345 |  11 |  777.4 |
       Dungeon |   8520 |   8259 |    261 |    419 |   5338 |  10 |  852.0 |
        Temple |     30 |     30 |      0 |      0 |      7 |   1 |   30.0 |
               +--------+--------+--------+--------+--------+-----+--------+

Top non-repeatable levels by time:
     D:5: 1255 daAuts
     D:6: 1156 daAuts
     D:4: 1107 daAuts
     D:7: 1019 daAuts
     D:1: 962 daAuts
     D:3: 920 daAuts
     D:8: 909 daAuts
     D:2: 638 daAuts
     D:9: 385 daAuts
    D:10: 166 daAuts
  Temple: 30 daAuts
